 Dungeon Crawl Stone Soup version 0.23.0 (webtiles) character file.

Game seed: 11590446350738481658

28 wrhowe the Shooter (level 3, -3/18 HPs)
             Began as a Vine Stalker Hunter on Feb 15, 2019.
             Slain by a gnoll
             ... wielding a +0 spear of freezing
              (6 damage)
             ... on level 1 of the Dungeon.
             The game lasted 00:05:25 (418 turns).

wrhowe the Shooter (Vine Stalker Hunter)             Turns: 418, Time: 00:05:26

Health: -3/18      AC:  3    Str: 14    XL:     3   Next: 14%
Magic:  0/4        EV: 12    Int: 11    God:
Gold:   8          SH:  0    Dex: 15    Spells: 2/2 levels left

rFire    . . .     SeeInvis .   a - +1 shortbow
rCold    . . .     Gourm    .   (shield currently unavailable)
rNeg     . . .     Faith    .   c - +0 leather armour
rPois    .         Spirit   +   (no helmet)
rElec    .         Reflect  .   (no cloak)
rCorr    .         Harm     .   (no gloves)
MR       .....                  (no boots)
Stlth    ++........             (no amulet)
HPRegen  0.06/turn              (no ring)
MPRegen  0.09/turn              (no ring)

@: no status effects
A: fangs 2, magic shield, antimagic bite, no potion heal 3, rot immunity
a: no special abilities


You were on level 1 of the Dungeon.
You were not hungry.

You visited 1 branch of the dungeon, and saw 1 of its levels.

You collected 8 gold pieces.

Inventory:

Hand Weapons
 a - a +1 shortbow (weapon)
 b - a +0 short sword
 k - a +3 mace
Missiles
 d - 13 arrows (quivered)
Armour
 c - a +0 leather armour (worn)
 l - a +2 buckler
Jewellery
 i - an uncursed ring of magical power {unknown}
Scrolls
 e - 3 scrolls of amnesia {unknown}
 g - a scroll of enchant armour {unknown}
 h - 2 scrolls of identify {unknown}
 j - a scroll of remove curse {unknown}
 m - a scroll of random uselessness {unknown}
Potions
 n - a potion of mutation {unknown}
Comestibles
 f - 2 rations


   Skills:
 + Level 1.7 Fighting
 * Level 1.3 Short Blades
 + Level 4.1 Bows
 + Level 1.6 Dodging
 * Level 1.6 Stealth


You had 2 spell levels left.
You didn't know any spells.
Your spell library was empty.

Dungeon Overview and Level Annotations

Branches:
Dungeon (1/15)

Altars:
Okawaru


Innate Abilities, Weirdness & Mutations

You have extremely sharp teeth.
When hurt, damage is shared between your health and your magic reserves.
Your bite disrupts and absorbs the magic of your enemies.
Potions cannot restore your health.
You are immune to rotting.


Message History

The gnoll freezes you.
You see here an arrow.
The gnoll hits you from afar with a +0 spear of freezing.
* * * LOW HITPOINT WARNING * * *
The gnoll freezes you.
* * * LOW HITPOINT WARNING * * *
You see here 3 arrows.
You see here a hobgoblin corpse.
Firing (i - inventory)
d - 15 arrows (quivered)
Press: ? - help, Shift-Dir - straight line, f - gnoll
Aim: a gnoll, wielding a +0 spear of freezing You shoot an arrow.
The arrow hits the gnoll.
The gnoll is lightly wounded.
The gnoll hits you but does no damage.
Firing (i - inventory)
d - 14 arrows (quivered)
Press: ? - help, Shift-Dir - straight line, f/p - gnoll
Aim: a gnoll, wielding a +0 spear of freezing (lightly wounded)
You shoot an arrow. The arrow barely misses the gnoll.
The gnoll hits you from afar with a +0 spear of freezing!
You die...

.......#.........# ...
......##.........# #(#
....####.........###(#
....# #...........((#
....# #...........).#
...#####.........>.†.#
..###........†..g....#
....#.##.#...........#
#.....#..#......@...##
##....#.##....).....#
##.......###....#####
..#..>...###..#.#
..............#.##
###.....)....##..#
.............###.#
###......#...# #.#
#........... #.#


You could see a gnoll.

Vanquished Creatures
  A dart slug (D:1)
  A leopard gecko (D:1)
  2 ball pythons (D:1)
  2 bats (D:1)
  2 giant cockroaches (D:1)
  8 goblins (D:1)
  2 hobgoblins (D:1)
  2 frilled lizards (D:1)
  4 kobolds (D:1)
  A rat (D:1)
25 creatures vanquished.

Notes
Turn   | Place    | Note
-------+----------+-------------------------------------------
     0 | D:1      | wrhowe the Vine Stalker Hunter began the quest for the Orb.
     0 | D:1      | Reached XP level 1. HP: 11/11 MP: 2/2
    88 | D:1      | Reached skill level 1 in Short Blades
    88 | D:1      | Reached XP level 2. HP: 14/15 MP: 3/3
   353 | D:1      | Reached skill level 4 in Bows
   359 | D:1      | Reached XP level 3. HP: 8/18 MP: 1/4
   389 | D:1      | Found an iron altar of Okawaru.
   418 | D:1      | Slain by a gnoll

Skill      XL: |  1  2 |
---------------+-------+-----
Short Blades   | 1 |  1.3
Bows           | 4 |  4.1
Fighting       | |  1.7
Dodging        | |  1.6
Stealth        | |  1.6

Action                   || total
-------------------------++-------
 Fire: Shortbow          ||    61
Armor: Leather armour    ||     5
Dodge: Dodged            ||     5
